 Dungeon Crawl Stone Soup version 0.31-a0-986-g5e6e4ef867 (webtiles) character file.

Game seed: 2493456379250825591

460694 strifetoe the Slayer (level 25, -10/156 HPs)
             Began as a Djinni Earth Elementalist on Nov 12, 2023.
             Was the Champion of Makhleb.
             Mangled by a black draconian knight
             ... wielding a +2 battleaxe
             ... led by a purple draconian shifter
              (11 damage)
             ... on level 1 of the Realm of Zot on Nov 13, 2023.
             The game lasted 03:42:20 (45008 turns).

strifetoe the Slayer (Djinni Earth Elementalist)   Turns: 45008, Time: 03:42:21

Health: -10/156    AC: 22    Str:  7    XL:     25   Next: 34%
Gold:   1296       EV: 19    Int: 34    God:    Makhleb [******] SH:  8 Dex: 16

rFire   + + +        a - +9 demon trident (elec)
rCold   + . .        N - +1 buckler {reflect}
rNeg    + + .        i - +9 scale mail "Fuexem" {Will+ Dex+3 Slay+3 Stlth+}
rPois   ∞            u - +1 helmet "Duressox" {rF+ SInv}
rElec   +            z - scarf of the Onion {rC+ rF+, Str+4 Int+3}
rCorr   .            H - +0 pair of gloves of Wiraput {rN++ Dex-2}
SInv    +            (boots unavailable)
Will    +++++        t - amulet "Ziffafik" {rC+ Regen+ Int+3}
Stlth   ++           r - ring "Ingapec" {rElec Will++ MP+9}
HPRegen 1.26/turn    n - +5 ring of evasion
MPRegen 0.00/turn

%: random rage (9%), reflection, infuse magic (-11 HP)
@: flying, studying 2 skills
A: sickness immunity, fire resistance 2, cold vulnerability 1, float, innate
caster, HP casting, extra vitality 1, subdued magic 1, [berserk 2], [frail 2],
[screaming 2], weak 1[+1], [inability to read after injury 2]
}: 3/15 runes: decaying, serpentine, abyssal
a: Renounce Religion, Minor Destruction, Lesser Servant of Makhleb, Major
Destruction, Greater Servant of Makhleb


You were on level 1 of the Realm of Zot.
You worshipped Makhleb.
Makhleb was exalted by your worship.
You visited 8 branches of the dungeon, and saw 39 of its levels.
You visited the Abyss 1 time.
You visited 1 bazaar.
You also visited: Sewer, Bailey and Gauntlet.

You collected 5001 gold pieces.
You spent 3705 gold pieces at shops.

Inventory:

Hand Weapons
 a - a +9 demon trident of electrocution (weapon)
Missiles
 U - 5 throwing nets
Armour
 i - the +9 scale mail "Fuexem" (worn) {Will+ Dex+3 Slay+3 Stlth+}
   (You bought it in a shop on level 2 of the Snake Pit)

   Dex+3:     It affects your dexterity (+3).
   Slay+3:    It affects your accuracy & damage with ranged weapons and melee
   (+3).
   Will+:     It increases your willpower.
   Stlth+:    It makes you more stealthy.
 l - the +5 ring mail of the Oni {rC+ Regen+ Dex-4}
   (You bought it in a shop on level 9 of the Dungeon)

   Dex-4:     It affects your dexterity (-4).
   rC+:       It protects you from cold.
   Regen+:    It increases your rate of health regeneration.
 o - +2 pearl dragon scales
 u - the +1 helmet "Duressox" (worn) {rF+ SInv}
   (You found it on level 7 of the Dungeon)

   rF+:       It protects you from fire.
   SInv:      It lets you see invisible.
 z - the scarf of the Onion (worn) {rC+ rF+, Str+4 Int+3}
   (You acquired it on level 2 of the Snake Pit)

   Str+4:     It affects your strength (+4).
   Int+3:     It affects your intelligence (+3).
 H - the +0 pair of gloves of Wiraput (worn) {rN++ Dex-2}
   (You acquired it on level 1 of the Lair of Beasts)

   Dex-2:     It affects your dexterity (-2).
   rN++:      It greatly protects you from negative energy.
 N - a +1 buckler of reflection (worn)
Jewellery
 n - a +5 ring of evasion (right hand)
 r - the ring "Ingapec" (left hand) {rElec Will++ MP+9}
   (You found it on level 3 of the Dungeon)

   [ring of magical power]

   rElec:     It insulates you from electricity.
   Will++:    It greatly increases your willpower.
   MP+9:      It affects your magic capacity (+9).
 t - the amulet "Ziffafik" (around neck) {rC+ Regen+ Int+3}
   (You found it on level 4 of the Depths)

   [amulet of regeneration]

   Int+3:     It affects your intelligence (+3).
   rC+:       It protects you from cold.
   Regen+:    It increases your rate of health regeneration.
 F - a +4 ring of slaying
 I - a ring of see invisible
 L - a ring of protection from cold
 O - a +5 ring of evasion
 S - the ring "Narph" {Will+ rCorr Int+3}
   (You found it in a Gauntlet)

   [ring of resist corrosion]

   Int+3:     It affects your intelligence (+3).
   Will+:     It increases your willpower.
   rCorr:     It protects you from acid and corrosion.
Wands
 h - a wand of mindburst (32)
 s - a wand of digging (5)
 A - a wand of paralysis (31)
 E - a wand of flame (31)
 M - a wand of acid (20)
 W - a wand of iceblast (20)
Scrolls
 d - 3 scrolls of blinking
 e - 5 scrolls of teleportation
 f - 4 scrolls of enchant weapon
 m - 2 scrolls of vulnerability
 D - 7 scrolls of fog
 G - 3 scrolls of revelation
 J - 27 scrolls of identify
 P - 2 scrolls of silence
 Q - 3 scrolls of fear
Potions
 b - 2 potions of invisibility
 g - 9 potions of might
 j - 7 potions of curing
 k - 3 potions of lignification
 p - 10 potions of haste
 q - 9 potions of mutation
 w - 6 potions of resistance
 x - 4 potions of cancellation
 C - 8 potions of enlightenment
Miscellaneous
 V - a lightning rod (4/4)


   Skills:
 - Level 21.0 Fighting
 - Level 11.0 Polearms
 - Level 11.0 Armour
 - Level 20.2 Dodging
 - Level 1.5 Stealth
 - Level 10.2 Shields
 + Level 19.3 Spellcasting
 + Level 19.3 Conjurations
 + Level 19.3 Hexes
 + Level 19.3 Summonings
 + Level 19.3 Necromancy
 + Level 19.3 Translocations
 + Level 19.3 Transmutations
 + Level 19.3 Fire Magic
 + Level 19.3 Ice Magic
 + Level 19.3 Air Magic
 + Level 19.3 Earth Magic
 + Level 19.3 Poison Magic
 - Level 12.0 Invocations


You knew the following spells:

 Your Spells              Type           Power      Damage    Failure   Level
a - Sandblast             Erth           100%       2d20      0%          1
b - Passwall              Tmut/Erth      75%        N/A       0%          2
c - Stone Arrow           Conj/Erth      100%       3d13      0%          3
d - Petrify               Tmut/Erth      91%        N/A       1%          4
e - Brom's Barrelling Bo  Conj/Erth      91%        2d10      1%          4
f - Shock                 Conj/Air       100%       1d9       0%          1
g - Blink                 Tloc           100%       N/A       0%          2
h - Vampiric Draining     Necr           91%        2d12      0%          3
i - Olgreb's Toxic Radia  Pois           91%        N/A       1%          4
j - Iskenderun's Battles  Conj           91%        2d14      1%          5
k - Arcjolt               Conj/Air       45%        1d55      1%          5
l - Eringya's Noxious Bo  Tmut/Pois      45%        4d6       1%          6
m - Enfeeble              Hex            45%        N/A       2%          7
n - Spellforged Servitor  Conj/Summ      45%        N/A       2%          7
o - Summon Hydra          Summ           45%        N/A       2%          7
p - Lehudib's Crystal Sp  Conj/Erth      45%        10d11     21%         8
q - Chain Lightning       Conj/Air       45%        3d60      98%         9
Your spell library was empty.

Dungeon Overview and Level Annotations

Branches:
Dungeon (15/15)            Temple (0/1) D:5            Lair (5/5) D:9
  Swamp (4/4) Lair:3        Snake (4/4) Lair:2        Slime (0/5) Lair:5
    Orc (2/2) D:9             Elf (0/3) Orc:2        Vaults (4/5) D:14
  Crypt (0/3) Vaults:2     Depths (4/4) D:15            Zot (1/5) Depths:4
  Sewer (visited)          Bailey (visited)         Gauntlet (visited)

Altars:
Ashenzari
Cheibriados
Dithmenos
Elyvilon
Hepliaklqana
Makhleb
Nemelex Xobeh
Okawaru
Ru
Trog
Wu Jian
Xom
Yredelemnul
Zin
The Shining One

Shops:
D:4 ?   D:5 :*   D:8 (   D:9 [   D:10 :   Orc:2 *(!!   Snake:2 ?([
Depths:4 :==

Portals:
Hell: Depths:1 Depths:2 Depths:3 Depths:4
Abyss: Depths:3
Pandemonium: Depths:2 Depths:3
Ziggurat: Depths:2

Annotations:
Vaults:1 2 transporters, Asumeq's ghost, veteran GrFi; Kevimi's ghost, adept FeNe
Vaults:3 Mennas
Vaults:4 36 runed doors
Depths:4 1 runed translucent door, Lucarghiu's ghost, veteran GnWn; jasper's ghost, master DsRe


Innate Abilities, Weirdness & Mutations

You are immune to sickness and miasma.
You are immune to poison.
Your flesh is very heat resistant. (rF++)
You are vulnerable to cold. (rC-)
You float through the air rather than walking.
You learn spells naturally, not from books.
Your magical power is your life essence.
You have superior vitality. (+4 MHP)
Your spells are a little easier to cast, but a little less powerful.
[You have an uncontrollable temper.]
[You are very frail. (-20% HP)]
[You frequently scream uncontrollably at your foes.]
[You are very weak. (Str -4)]
[You sometimes lose the ability to read scrolls when taking damage.]


Message History

You block the green draconian's attack. The golden dragon misses you.
You block the golden dragon's attack. The golden dragon closely misses you.
The black draconian knight breathes lightning at you.
The bolt of lightning hits the golden dragon!
The golden dragon resists.
The bolt of lightning hits you! You resist.
* * * LOW HITPOINT WARNING * * *
The white draconian stormcaller hits you with a +0 long sword!
* * * LOW HITPOINT WARNING * * *
The wind drake exhales a fierce blast of wind!
The komodo dragon is knocked back by the gust of wind.
The red draconian scorcher is knocked back by the gust of wind.
The red draconian scorcher collides with the green draconian!
The red draconian scorcher is almost dead.
You are knocked back by the gust of wind.
You slam into the metal wall!
The golden dragon is knocked back by the gust of wind.
The golden dragon slams into the metal wall!
The golden dragon is severely wounded.
The white draconian stormcaller is knocked back by the gust of wind.
The tentacled monstrosity festers in the toxic bog.
The tentacled monstrosity looks as sick as possible!
You hear a roar!
Unknown command.
You feel better.
A black draconian comes into view. It is wielding a +0 long sword.
The green draconian hits you but does no damage.
The wind drake bites you but does no damage.
The red draconian scorcher completely misses you.
The white draconian stormcaller breathes frost at you.
The blast of cold hits you! You resist.
* * * LOW HITPOINT WARNING * * *
The blast of cold hits the black draconian knight!!
Unknown command.
You feel better.
The purple draconian shifter mumbles some strange words.
The purple draconian shifter blinks!
The green draconian hits you from afar with a +0 halberd!
* * * LOW HITPOINT WARNING * * *
The black draconian knight hits you with a +2 battleaxe!
You die...

#### ...## #
...#.# ..
###..#q ...
..... ....
#9.##..# .
#D@#§.#... ##.
#qkq.#.>.# .##d
#dX#d...#.
...d.#dq..l§#..
dd.#dd##....#
#####qqd##.#.##
......dd.(...$.
......>........
.##.##...######


You could see a tentacled monstrosity (extremely poisoned), a green draconian
monk, a black draconian knight (fast, invisible, distracted, very poisoned), a
golden dragon (distracted), 2 draconians, 2 draconians, 2 draconians, 2
draconians, a purple draconian shifter, a white draconian stormcaller (very
poisoned, catching breath), a yellow draconian annihilator, a red draconian
scorcher (distracted, very poisoned, ally target), a wind drake (summoned,
repels missiles, poisoned, catching breath), a komodo dragon (summoned,
poisoned) and a friendly spellforged servitor (summoned).

Vanquished Creatures
  A juggernaut (Depths:3)
  Margery (Vaults:3)
  Saint Roka (Snake:2)
  A caustic shrike (Depths:2)
  Nikola (Swamp:4)
  A golden dragon (Depths:4)
  A tentacled monstrosity (Depths:3)
  Mlioglotl (Snake:3)
  3 liches
  A walking divine tome (Depths:3)
  4 quicksilver dragons
  A sphinx (Vaults:3)
  3 thorn hunters
  3 tengu reavers
  3 tentacled starspawn
  A storm dragon (Depths:2)
  A draconian monk (Depths:4)
  Aizul (Swamp:1)
  Donald (Vaults:3)
  2 shadow dragons
  7 nagarajas
  8 frost giants
  A fenstrider witch (Swamp:3)
  3 fire giants
  9 vault wardens
  A formless jellyfish (Vaults:4)
  2 ghouls (Swamp:4)
  16 ironbound preservers
  5 orc warlords
  3 ironbound thunderhulks
  9 very ugly things
  3 vampire knights
  7 stone giants
  2 black draconians (Depths:4)
  2 green draconians (Depths:4)
  11 dire elephants
  3 eleionomae
  2 purple draconians (Depths:4)
  2 spark wasps (Depths:1)
  A minotaur (Gauntlet)
  2 white draconians (Depths:4)
  2 bunyips
  A red draconian (Depths:4)
  A yellow draconian (Depths:4)
  The ghost of Siakut the Bludgeoner, a journeyman MiBe of Trog (D:12)
  A deep elf death mage (Vaults:2)
  2 ettins
  A crystal guardian (Vaults:2)
  Josephine (D:13)
  5 yaktaur captains
  4 fire dragons
  2 great orbs of eyes
  A peacekeeper (Vaults:2)
  5 vault guards
  22 hydras
  8 centaur warriors
  A salamander tyrant (Snake:4)
  4 catoblepae (Lair:5)
  10 anacondas
  A spriggan air mage (Swamp:4)
  2 ice dragons (Depths:1)
  A death knight (D:14)
  6 ironbound frosthearts
  A two-headed ogre (shapeshifter) (Depths:3)
  An alligator snapping turtle (shapeshifter) (Depths:2)
  5 alligators
  4 ghost crabs
  11 two-headed ogres
  10 death yaks (Lair:5)
  A sphinx skeleton (D:15)
  5 boulder beetles
  7 deep troll shamans
  8 tengu warriors
  9 naga warriors
  An occultist (Vaults:3)
  2 thrashing horrors
  An orc high priest (Vaults:3)
  A vampire mage (D:15)
  4 deep troll earth magi
  9 shock serpents
  8 naga sharpshooters
  8 spriggan berserkers
  12 hell knights
  Sonja (Orc:2)
  2 skysharks (Lair:3)
  2 salamander mystics (Snake:4)
  10 sea snakes
  4 iron trolls
  2 spatial maelstroms (Abyss:4)
  A storm dragon skeleton (D:15)
  Lodul (D:13)
  2 wretched stars (Abyss:2)
  2 death drakes (Depths:4)
  55 deep trolls
  3 goliath frogs
  6 skeletal warriors
  5 large abominations
  3 spriggan druids
  A flayed ghost (Depths:1)
  7 naga ritualists
  8 lindwurms
  7 bog bodies (Swamp:4)
  15 swamp dragons
  6 arcanists
  6 nameless horrors
  4 harpies (Vaults:2)
  13 ironbound convokers
  2 glowing orange brains
  11 orc knights
  Pikel (D:4)
  2 starcursed masses (Abyss:3)
  3 deep elf pyromancers
  8 mana vipers
  2 spectral wolf spiders (D:14)
  19 ugly things
  A phantasmal warrior (Vaults:2)
  9 necromancers
  An iron dragon skeleton (Depths:3)
  8 cyclopes
  10 salamanders
  5 orc sorcerers
  A worldbinder (Vaults:3)
  A spectral ice dragon (D:14)
  A moth of wrath (Depths:4)
  A centaur zombie (D:14)
  3 will-o-the-wisps
  6 manticores
  9 naga magi
  9 vault sentinels
  7 guardian serpents
  A rust devil (Abyss:2)
  A torpor snail (Lair:3)
  35 black mambas
  2 gargoyles
  A guardian serpent (shapeshifter) (Abyss:2)
  3 centaur skeletons (D:14)
  2 ice statues
  6 elephants (Lair:4)
  4 smoke demons
  An orange demon (Abyss:3)
  16 cane toads
  13 freezing wraiths
  Jeremiah (D:7)
  An efreet (Abyss:3)
  4 rime drakes
  A tormentor (Abyss:2)
  16 yaktaurs
  2 kobold demonologists (D:13)
  A redback zombie (D:14)
  5 tengu conjurers
  A golden dragon simulacrum (Depths:3)
  13 komodo dragons
  5 polar bears
  3 ancient zymes
  2 bloated husks
  4 trolls
  Prince Ribbit (D:8)
  13 tyrant leeches
  A harpy skeleton (D:14)
  8 hornets
  3 raiju
  16 blink frogs
  An ettin zombie (Vaults:3)
  9 spriggans
  Sigmund (D:5)
  3 centaur simulacra (D:14)
  27 slime creatures
  3 flying skulls (D:14)
  10 wraiths
  A water elemental (Depths:4)
  2 shadows
  3 ynoxinuls
  4 vampires
  5 basilisks
  3 wyverns
  54 yaks
  A neqoxec (Abyss:3)
  3 steam dragons
  3 chaos spawn
  17 vampire mosquitoes
  A warg (Snake:2)
  19 swamp worms
  An acid dragon (D:12)
  13 water moccasins
  Menkaure (D:5)
  33 nagas
  6 hell hounds (D:14)
  2 ice beasts (Lair:2)
  7 swamp drakes
  A glowing shapeshifter skeleton (Depths:3)
  40 orc warriors
  A black bear (Lair:1)
  2 sky beasts
  An ice dragon simulacrum (D:14)
  15 ogres
  2 boggarts (Vaults:3)
  21 centaurs
  A centaur (shapeshifter) (Depths:4)
  6 wolves (Gauntlet)
  2 lemures (D:4)
  A phantom (D:6)
  A human zombie (Vaults:3)
  13 bullfrogs
  A necrophage (Swamp:4)
  5 small abominations
  A glowing shapeshifter simulacrum (Vaults:3)
  3 deep troll simulacra (D:14)
  2 gnoll sergeants (D:8)
  2 scorpions
  3 wights (D:7)
  3 killer bees (D:10)
  9 howler monkeys
  2 electric eels
  9 hounds
  6 jellies
  12 orc priests
  A sleepcap (D:5)
  Jessica (D:3)
  4 iguanas (D:5)
  21 orc wizards
  2 lightning spires (Gauntlet)
  9 gnolls
  13 adders
  A river rat (Sewer)
  A shadow imp (D:8)
  3 white imps
  2 ufetubi (D:6)
  A worm (Sewer)
  3 dart slugs (D:2)
  56 orcs
  3 bats
  17 endoplasms
  5 giant cockroaches
  14 goblins
  11 hobgoblins
  3 jackals (D:3)
  2 quokkas
  11 ball pythons
  5 frilled lizards
  20 kobolds
  9 rats
  A starspawn tentacle (Abyss:2)
1410 creatures vanquished.

Vanquished Creatures (collateral kills)
  2 dread liches
  Mara (Vaults:2)
  A juggernaut (Depths:4)
  The ghost of Ymesich the End of an Era, a veteran HOGl of Qazlal (Depths:4)
  Frederick (Vaults:2)
  4 golden dragons
  A bone dragon (Abyss:2)
  A tentacled monstrosity (Depths:3)
  A walking crystal tome (Depths:3)
  4 quicksilver dragons (Depths:4)
  A lich (Abyss:2)
  6 tentacled starspawn
  A shadow dragon (Depths:3)
  5 storm dragons
  4 draconian monks (Depths:4)
  A tengu reaver (Depths:4)
  2 fire giants (Depths:3)
  A frost giant (Depths:3)
  A nagaraja (Snake:4)
  A balrug (Abyss:4)
  A vault warden (Vaults:3)
  A reaper (Depths:2)
  A draconian shifter (Depths:4)
  A very ugly thing (Depths:2)
  A cacodemon (Abyss:3)
  2 draconian annihilators (Depths:4)
  A formless jellyfish (Vaults:4)
  3 ironbound preservers
  5 stone giants
  A juggernaut skeleton (Abyss:2)
  3 white draconians (Depths:4)
  7 green draconians (Depths:4)
  3 black draconians (Depths:4)
  3 purple draconians (Depths:4)
  An iron golem (Depths:1)
  A starcursed mass (Abyss:3)
  6 red draconians (Depths:4)
  5 spark wasps
  3 ettins
  5 ice dragons
  6 fire dragons
  A spriggan zombie (Depths:3)
  2 vault guards (Vaults:3)
  A spriggan air mage (Depths:1)
  A boulder beetle (Abyss:2)
  3 deep troll shamans
  3 naga warriors
  A hell hog (Depths:4)
  2 soul eaters
  A spriggan (Depths:4)
  11 hell knights
  6 thrashing horrors
  A spriggan berserker (Depths:2)
  3 iron trolls
  2 sixfirhies (Abyss:3)
  2 glowing orange brains
  A spatial maelstrom (Abyss:2)
  A death drake (Abyss:3)
  2 naga ritualists (Snake:4)
  A sea snake (Snake:3)
  11 deep trolls
  A tengu zombie (Depths:3)
  An ironbound convoker (Vaults:3)
  6 necromancers
  2 ugly things
  A will-o-the-wisp (Abyss:3)
  A nameless horror (Abyss:2)
  A salamander (Snake:3)
  A vault sentinel (Vaults:3)
  A black mamba (Snake:3)
  2 worldbinders
  A naga mage (Snake:3)
  2 guardian serpents (Snake:4)
  3 smoke demons
  3 orange demons
  2 hellions
  An efreet (Abyss:3)
  4 ancient zymes
  2 hellwings (Abyss:3)
  11 raiju
  A hornet (Depths:4)
  16 large abominations
  2 ynoxinuls (Abyss:3)
  A water elemental (Depths:4)
  3 wraiths
  A black mamba skeleton (Abyss:3)
  9 golden eyes
  15 small abominations
  4 chaos spawn
  4 neqoxecs
  6 spatial vortices (Abyss:4)
  5 nagas
  An iron imp (Abyss:1)
  2 white imps (Abyss:2)
  6 boulders
  A lurking horror (Abyss:2)
  10 starspawn tentacles
289 creatures vanquished.

Vanquished Creatures (others)
  A white draconian (Depths:4)
  A fire dragon (Depths:1)
  An ice dragon (Depths:4)
  An occultist (Depths:3)
  4 boulders
  27 foxfires
  A lurking horror (Abyss:1)
  19 starspawn tentacles
55 creatures vanquished.

Grand Total: 1754 creatures vanquished

Notes
Turn   | Place    | Note
-------+----------+-------------------------------------------
     0 | D:1      | strifetoe the Djinni Earth Elementalist began the quest for
                  | the Orb.
     0 | D:1      | strifetoe set off with the following spells memorised:
                  | Sandblast, Passwall, Stone Arrow, Petrify, Brom's
                  | Barrelling Boulder.
     0 | D:1      | Reached XP level 1. HP: 15/15 MP: 0/0
    71 | D:1      | Reached XP level 2. HP: 21/21 MP: 0/0
   511 | D:1      | Reached XP level 3. HP: 25/25 MP: 0/0
   511 | D:1      | Learned a level 1 spell: Shock
  1187 | D:2      | Reached XP level 4. HP: 31/31 MP: 0/0
  1686 | D:3      | Noticed Jessica
  1690 | D:3      | Killed Jessica
  1691 | D:3      | Found a burning altar of Makhleb.
  1712 | D:3      | Reached XP level 5. HP: 34/35 MP: 0/0
  1712 | D:3      | Learned a level 2 spell: Blink
  1719 | D:3      | Became a worshipper of Makhleb the Destroyer
  1913 | D:3      | Identified the ring "Ingapec" {rElec Will++ MP+9}
  2139 | D:4      | Identified the of Kaotian
  2139 | D:4      | Found a hazy altar of Hepliaklqana.
  2189 | D:4      | Found a sacrificial altar of Ru.
  2571 | D:4      | Reached skill level 5 in Spellcasting
  2571 | D:4      | Reached skill level 5 in Conjurations
  2571 | D:4      | Reached skill level 5 in Hexes
  2571 | D:4      | Reached skill level 5 in Summonings
  2571 | D:4      | Reached skill level 5 in Necromancy
  2571 | D:4      | Reached skill level 5 in Translocations
  2571 | D:4      | Reached skill level 5 in Transmutations
  2571 | D:4      | Reached skill level 5 in Fire Magic
  2571 | D:4      | Reached skill level 5 in Ice Magic
  2571 | D:4      | Reached skill level 5 in Air Magic
  2571 | D:4      | Reached skill level 5 in Earth Magic
  2571 | D:4      | Reached skill level 5 in Poison Magic
  2586 | D:4      | Found a bloodstained altar of Trog.
  2711 | D:4      | Reached XP level 6. HP: 39/40 MP: 0/0
  2803 | D:4      | Noticed Pikel
  2819 | D:4      | Killed Pikel
  2820 | D:4      | Reached XP level 7. HP: 24/45 MP: 0/0
  2820 | D:4      | Learned a level 3 spell: Vampiric Draining
  2820 | D:4      | Reached XP level 8. HP: 27/50 MP: 0/0
  3002 | D:4      | Reached * piety under Makhleb
  3122 | D:4      | Found Lohujok's Magic Scroll Emporium.
  3360 | D:5      | Entered Level 5 of the Dungeon
  3583 | D:5      | Noticed Menkaure
  3584 | D:5      | Killed Menkaure
  3744 | D:5      | Found Unefod's Book Shoppe.
  3748 | D:5      | Found Baelom's General Store.
  3758 | D:5      | Bought a potion of heal wounds for 60 gold pieces
  3758 | D:5      | Bought a scroll of teleportation for 36 gold pieces
  3831 | D:5      | Found a glowing drain.
  3845 | Sewer    | Entered a sewer
  3932 | Sewer    | Found a viscous altar of Jiyva.
  4096 | D:5      | Noticed Sigmund
  4103 | D:5      | Reached ** piety under Makhleb
  4123 | D:5      | Killed Sigmund
  4124 | D:5      | Reached XP level 9. HP: 54/55 MP: 0/0
  4124 | D:5      | Learned a level 4 spell: Olgreb's Toxic Radiance
  4160 | D:5      | Found an ornate altar of the Wu Jian Council.
  4179 | D:5      | Found a staircase to the Ecumenical Temple.
  4493 | D:6      | Reached skill level 1 in Fighting
  5057 | D:6      | Found a sacrificial altar of Ru.
  5064 | D:6      | Reached skill level 2 in Fighting
  5073 | D:6      | Reached skill level 3 in Fighting
  5343 | D:7      | Found a glowing golden altar of the Shining One.
  5346 | D:7      | Found a shimmering altar of Xom.
  5346 | D:7      | Noticed Jeremiah
  5359 | D:7      | Reached skill level 5 in Dodging
  5377 | D:7      | Killed Jeremiah
  5378 | D:7      | Reached skill level 4 in Fighting
  5378 | D:7      | Reached XP level 10. HP: 46/69 MP: 0/0
  5407 | D:7      | Found a broken altar of Ashenzari.
  5438 | D:7      | Identified the +1 helmet "Duressox" {rF+ SInv}
  5566 | D:7      | Reached skill level 5 in Fighting
  5635 | D:7      | Found a flagged portal.
  5653 | Bailey   | Entered a bailey
  5737 | Bailey   | Noticed an orc warlord
  5805 | Bailey   | Reached *** piety under Makhleb
  5909 | Bailey   | Found a runed translucent gate.
  5911 | Bailey   | Found a runed translucent gate.
  5913 | Bailey   | Found a runed translucent gate.
  6219 | Bailey   | Killed an orc warlord
  6220 | Bailey   | Reached skill level 6 in Fighting
  6310 | Bailey   | Acquired a staff of conjuration
  6387 | D:7      | Identified the +1 pair of boots "Axep" {Harm Drain Dex+4
                  | SInv}
  6413 | D:7      | Found an iron altar of Okawaru.
  6542 | D:7      | Found a shadowy altar of Dithmenos.
  6671 | D:8      | Noticed a two-headed ogre
  6684 | D:8      | Killed a two-headed ogre
  6685 | D:8      | Reached skill level 7 in Fighting
  6724 | D:8      | Reached skill level 1 in Armour
  6724 | D:8      | Reached skill level 1 in Shields
  6759 | D:8      | Reached XP level 11. HP: 75/79 MP: 0/0
  6759 | D:8      | Learned a level 5 spell: Iskenderun's Battlesphere
  6887 | D:8      | Found Waec's Antique Weapon Shoppe.
  6917 | D:8      | Noticed Prince Ribbit
  6922 | D:8      | Killed Prince Ribbit
  7112 | D:8      | Reached **** piety under Makhleb
  7115 | D:8      | Reached skill level 5 in Shields
  8214 | D:9      | Found a glowing silver altar of Zin.
  8372 | D:9      | Found Ganle's Antique Armour Boutique.
  8380 | D:9      | Bought a heavily runed ring mail for 261 gold pieces
  8380 | D:9      | Identified the +5 ring mail of the Oni {rC+ Regen+ Dex-4}
                  | (You bought it in a shop on level 9 of the Dungeon)
  8447 | D:9      | Found a staircase to the Orcish Mines.
  8669 | D:9      | Reached skill level 5 in Armour
  8781 | D:9      | Found a staircase to the Lair.
  8791 | D:9      | Noticed a two-headed ogre
  8801 | D:9      | Killed a two-headed ogre
  8911 | D:10     | Entered Level 10 of the Dungeon
  9110 | D:10     | Found Idwil's Book Emporium.
  9291 | D:10     | Noticed a manticore
  9308 | D:10     | Killed a manticore
  9391 | D:10     | Reached skill level 1 in Invocations
  9927 | D:11     | Reached XP level 12. HP: 74/86 MP: 0/0
  9929 | D:11     | Reached skill level 8 in Fighting
 10072 | D:11     | Noticed a two-headed ogre
 10076 | D:11     | Killed a two-headed ogre
 10307 | D:12     | Found a flickering gateway to a bazaar.
 10331 | Bazaar   | Entered a bazaar
 10353 | Bazaar   | Found Joreafi's Magic Scroll Shop.
 10365 | Bazaar   | Found Futir Ysuhus's Distillery.
 10385 | Bazaar   | Found Zuosm's Distillery.
 10404 | Bazaar   | Found Soph's Magic Scroll Shop.
 10452 | Bazaar   | Bought a potion of curing for 24 gold pieces
 10452 | Bazaar   | Bought a potion of curing for 24 gold pieces
 10452 | Bazaar   | Bought a potion of heal wounds for 40 gold pieces
 10472 | Bazaar   | Bought a potion of heal wounds for 45 gold pieces
 10496 | Bazaar   | Bought a scroll of teleportation for 36 gold pieces
 10496 | Bazaar   | Bought a scroll of blinking for 90 gold pieces
 10527 | Bazaar   | Bought a potion of curing for 27 gold pieces
 10527 | Bazaar   | Bought a potion of curing for 27 gold pieces
 10527 | Bazaar   | Bought a potion of curing for 27 gold pieces
 10547 | Bazaar   | Bought 2 potions of haste for 160 gold pieces
 10574 | D:12     | Found a transporter.
 10577 | D:12     | Noticed a two-headed ogre
 10578 | D:12     | Noticed Siakut's ghost (journeyman MiBe)
 10578 | D:12     | Noticed a two-headed ogre
 10607 | D:12     | Identified the +3 scale mail of the Old World {Rampage
                  | rElec rF-}
 10745 | D:12     | Noticed a two-headed ogre
 10746 | D:12     | Found a transporter.
 10746 | D:12     | Noticed a two-headed ogre
 10747 | D:12     | Noticed a two-headed ogre
 10748 | D:12     | Identified the +8 great mace "Laohohev" {heavy, rElec
                  | rN+++}
 10748 | D:12     | Noticed an ettin
 10751 | D:12     | Noticed a two-headed ogre
 11005 | D:12     | Reached ***** piety under Makhleb
 11272 | D:13     | Noticed Josephine
 11281 | D:13     | Killed Josephine
 11282 | D:13     | Reached skill level 9 in Fighting
 11349 | D:13     | Noticed Lodul
 11367 | D:13     | Reached skill level 5 in Invocations
 11369 | D:13     | Killed Lodul
 11404 | D:13     | Noticed a centaur warrior
 11411 | D:13     | Killed a centaur warrior
 11412 | D:13     | Reached XP level 13. HP: 71/94 MP: 0/0
 11412 | D:13     | Learned a level 5 spell: Arcjolt
 11420 | D:13     | Reached skill level 10 in Spellcasting
 11420 | D:13     | Reached skill level 10 in Conjurations
 11420 | D:13     | Reached skill level 10 in Hexes
 11420 | D:13     | Reached skill level 10 in Summonings
 11420 | D:13     | Reached skill level 10 in Necromancy
 11420 | D:13     | Reached skill level 10 in Translocations
 11420 | D:13     | Reached skill level 10 in Transmutations
 11420 | D:13     | Reached skill level 10 in Fire Magic
 11420 | D:13     | Reached skill level 10 in Ice Magic
 11420 | D:13     | Reached skill level 10 in Air Magic
 11420 | D:13     | Reached skill level 10 in Earth Magic
 11420 | D:13     | Reached skill level 10 in Poison Magic
 11798 | D:13     | Identified the dragon-blood talisman of Parts Unknown
                  | {rCorr Int+2}
 12417 | Lair:1   | Entered Level 1 of the Lair of Beasts
 12432 | Lair:1   | Reached skill level 10 in Fighting
 12451 | Lair:1   | Reached skill level 10 in Dodging
 13165 | Lair:1   | Acquired the +0 pair of gloves of Wiraput {rN++ Dex-2}
 13304 | Lair:2   | Reached ****** piety under Makhleb
 13317 | Lair:2   | Reached skill level 11 in Fighting
 13413 | Lair:2   | Acquired a +1 buckler of reflection
 13417 | Lair:2   | Reached XP level 14. HP: 105/105 MP: 0/0
 13509 | Lair:2   | You are sucked into a shaft and drop 2 floors!
 13734 | Lair:3   | Found a staircase to the Swamp.
 13954 | Lair:3   | Reached skill level 12 in Fighting
 15031 | Lair:4   | Identified the +3 leather armour of Odocs {rF+ Str+5}
 15257 | Lair:5   | Entered Level 5 of the Lair of Beasts
 15328 | Lair:5   | Found a staircase to the Slime Pits.
 15441 | Lair:5   | Reached XP level 15. HP: 112/113 MP: 0/0
 15441 | Lair:5   | Learned a level 6 spell: Eringya's Noxious Bog
 15620 | Lair:5   | Reached skill level 13 in Fighting
 16907 | Orc:1    | Entered Level 1 of the Orcish Mines
 17228 | Orc:2    | Entered Level 2 of the Orcish Mines
 17228 | Orc:2    | Found a staircase to the Elven Halls.
 17472 | Orc:2    | Noticed Sonja
 17477 | Orc:2    | Killed Sonja
 17579 | Orc:2    | Reached skill level 14 in Fighting
 17761 | Orc:2    | Found Jesuecs's Distillery.
 17761 | Orc:2    | Found Bogren's Antique Weapon Boutique.
 17761 | Orc:2    | Found Reocenn's General Store.
 17764 | Orc:2    | Found Yciri's Distillery.
 17776 | Orc:2    | Bought a potion of curing for 30 gold pieces
 17776 | Orc:2    | Bought a potion of heal wounds for 50 gold pieces
 17776 | Orc:2    | Bought 2 potions of curing for 60 gold pieces
 17778 | Orc:2    | Bought a potion of heal wounds for 65 gold pieces
 17778 | Orc:2    | Bought a potion of resistance for 130 gold pieces
 17778 | Orc:2    | Bought a potion of curing for 39 gold pieces
 17778 | Orc:2    | Bought a potion of haste for 130 gold pieces
 17778 | Orc:2    | Bought a potion of resistance for 130 gold pieces
 17778 | Orc:2    | Bought a potion of resistance for 130 gold pieces
 17781 | Orc:2    | Bought a scroll of fear for 48 gold pieces
 18555 | D:14     | Found a gate to the Vaults.
 18756 | D:14     | Reached XP level 16. HP: 124/124 MP: 0/0
 18881 | D:14     | Reached skill level 15 in Fighting
 19155 | D:14     | Found a basalt altar of Yredelemnul.
 19375 | D:15     | Entered Level 15 of the Dungeon
 19428 | D:15     | Found a gate leading to a gauntlet.
 19436 | Gauntlet | Entered a Gauntlet
 19436 | Gauntlet | Found a transporter.
 19449 | Gauntlet | Found a transporter.
 19452 | Gauntlet | Found a transporter.
 19461 | Gauntlet | Found a transporter.
 19464 | Gauntlet | Found a transporter.
 19470 | Gauntlet | Found a runed translucent door.
 19470 | Gauntlet | Found a runed translucent door.
 19472 | Gauntlet | Found a transporter.
 19487 | Gauntlet | Found a runed translucent gate.
 19488 | Gauntlet | Found a transporter.
 19488 | Gauntlet | Found a runed translucent gate.
 19489 | Gauntlet | Found a runed translucent gate.
 19502 | Gauntlet | Found a transporter.
 19506 | Gauntlet | Found a transporter.
 19510 | Gauntlet | Found a runed translucent door.
 19510 | Gauntlet | Found a runed translucent door.
 19518 | Gauntlet | Found a transporter.
 19522 | Gauntlet | Found a transporter.
 19530 | Gauntlet | Found a transporter.
 19802 | Gauntlet | Identified the ring "Narph" {Will+ rCorr Int+3}
 19825 | Gauntlet | Identified the ring "Zuwnetwynn" {Wiz *Corrode Str+4}
 20045 | D:12     | Killed Siakut's ghost
 20326 | D:15     | Found a glowing silver altar of Zin.
 20347 | D:15     | Reached skill level 1 in Polearms
 20350 | D:15     | Found a staircase to the Depths.
 20984 | Swamp:1  | Entered Level 1 of the Swamp
 21118 | Swamp:1  | Reached XP level 17. HP: 131/131 MP: 0/0
 21118 | Swamp:1  | Learned a level 7 spell: Enfeeble
 21347 | Swamp:1  | Identified the serpent talisman of Birdsong {rF++ rC-
                  | Str+7}
 21347 | Swamp:1  | Noticed Aizul
 21357 | Swamp:1  | Killed Aizul
 21564 | Swamp:1  | Reached skill level 10 in Shields
 21658 | Swamp:2  | Noticed a thorn hunter
 21855 | Swamp:1  | Killed a thorn hunter
 22188 | Swamp:2  | Found a glowing golden altar of the Shining One.
 22561 | Swamp:4  | Entered Level 4 of the Swamp
 22624 | Swamp:4  | Reached skill level 10 in Invocations
 22696 | Swamp:4  | Noticed Nikola
 22707 | Swamp:4  | Killed Nikola
 22805 | Swamp:3  | Identified the +4 spear of Rocidud {spect, rC- rN++ Int-4
                  | Dex+9}
 22869 | Swamp:3  | Identified the maw talisman "Raucro" {Will+ Dex+4}
 23245 | Swamp:4  | Reached XP level 18. HP: 137/139 MP: 0/0
 23310 | Swamp:4  | Reached skill level 16 in Fighting
 23318 | Swamp:4  | Got a decaying rune of Zot
 23345 | Swamp:4  | Identified the +2 scale mail of Himih {Harm Regen+ rCorr
                  | Int-3}
 24173 | Lair:2   | Found a staircase to the Snake Pit.
 24798 | Snake:1  | Entered Level 1 of the Snake Pit
 25204 | Snake:1  | You are sucked into a shaft and drop 1 floor!
 25215 | Snake:2  | Found Gyroh's Magic Scroll Emporium.
 25217 | Snake:2  | Found Nethat's Weapon Shoppe.
 25219 | Snake:2  | Found Decouq's Armour Emporium.
 25226 | Snake:2  | Bought a scroll of acquirement for 780 gold pieces
 25289 | Snake:2  | Identified the "Ganiggi" (You acquired it on level 2 of
                  | the Snake Pit)
 25289 | Snake:2  | Acquired the scarf of the Onion {rC+ rF+, Str+4 Int+3}
 25544 | Snake:2  | Reached skill level 17 in Fighting
 25675 | Snake:2  | Noticed Saint Roka
 25683 | Snake:2  | Killed Saint Roka
 25684 | Snake:2  | Reached skill level 15 in Spellcasting
 25684 | Snake:2  | Reached skill level 15 in Conjurations
 25684 | Snake:2  | Reached skill level 15 in Hexes
 25684 | Snake:2  | Reached skill level 15 in Summonings
 25684 | Snake:2  | Reached skill level 15 in Necromancy
 25684 | Snake:2  | Reached skill level 15 in Translocations
 25684 | Snake:2  | Reached skill level 15 in Transmutations
 25684 | Snake:2  | Reached skill level 15 in Fire Magic
 25684 | Snake:2  | Reached skill level 15 in Ice Magic
 25684 | Snake:2  | Reached skill level 15 in Air Magic
 25684 | Snake:2  | Reached skill level 15 in Earth Magic
 25684 | Snake:2  | Reached skill level 15 in Poison Magic
 25896 | Snake:2  | Reached XP level 19. HP: 148/148 MP: 0/0
 25896 | Snake:2  | Learned a level 7 spell: Spellforged Servitor
 26328 | Snake:3  | Noticed Mlioglotl
 26342 | Snake:3  | Killed Mlioglotl
 27063 | Snake:4  | Entered Level 4 of the Snake Pit
 28056 | Snake:4  | Identified the +2 robe of the Last Teeth {rF+ rN+ Str+2}
 28255 | Snake:4  | Got a serpentine rune of Zot
 28725 | Vaults:3 | Identified the "Yhiumy"
 28725 | Vaults:3 | Identified the "Qyepp"
 28725 | Vaults:3 | Identified the "Oxaheg"
 28725 | Vaults:3 | Identified the "Gobeonus"
 28725 | Vaults:5 | Identified the of Cakliq
 28725 | Depths:1 | Entered Level 1 of the Depths
 28793 | Vaults:1 | Entered Level 1 of the Vaults
 29071 | Vaults:1 | Reached XP level 20. HP: 157/157 MP: 0/0
 29082 | Vaults:1 | Reached skill level 5 in Polearms
 29676 | Vaults:1 | Noticed Kevimi's ghost (adept FeNe)
 29681 | Vaults:1 | Found a transporter.
 29690 | Vaults:1 | Found a transporter.
 29691 | Vaults:1 | Noticed Asumeq's ghost (veteran GrFi)
 30253 | Vaults:2 | Noticed Mara
 30257 | Vaults:2 | Noticed strifetoe's illusion
 30793 | Vaults:2 | Found a staircase to the Crypt.
 31103 | Vaults:2 | Identified the +10 arbalest of Lelipt {drain, +Blink rPois}
 31107 | Vaults:2 | Identified the +6 arbalest of Gozag, Stopping {flame, rF-
                  | rC+ Str+2 SInv}
 31183 | Vaults:2 | Noticed strifetoe's illusion
 31377 | Vaults:4 | Reached XP level 21. HP: 143/162 MP: 0/0
 31377 | Vaults:4 | Learned a level 7 spell: Summon Hydra
 31391 | Vaults:4 | Found a huge runed gate.
 31391 | Vaults:4 | Found a huge runed gate.
 31391 | Vaults:4 | Found a huge runed gate.
 31393 | Vaults:4 | Found a huge runed gate.
 31393 | Vaults:4 | Found a huge runed gate.
 31394 | Vaults:4 | Found a huge runed gate.
 31394 | Vaults:4 | Found a huge runed gate.
 31396 | Vaults:4 | Found a huge runed gate.
 31396 | Vaults:4 | Found a huge runed gate.
 31396 | Vaults:4 | Found a huge runed gate.
 31403 | Vaults:4 | Found a huge runed gate.
 31403 | Vaults:4 | Found a huge runed gate.
 31403 | Vaults:4 | Found a huge runed gate.
 31403 | Vaults:4 | Found a huge runed gate.
 31403 | Vaults:4 | Found a huge runed gate.
 31403 | Vaults:4 | Found a huge runed gate.
 31404 | Vaults:4 | Found a huge runed gate.
 31405 | Vaults:4 | Found a huge runed gate.
 31406 | Vaults:4 | Found a huge runed gate.
 31415 | Vaults:4 | Found a huge runed gate.
 31415 | Vaults:4 | Found a huge runed gate.
 31415 | Vaults:4 | Found a huge runed gate.
 31415 | Vaults:4 | Found a huge runed gate.
 31415 | Vaults:4 | Found a huge runed gate.
 31416 | Vaults:4 | Found a huge runed gate.
 31417 | Vaults:4 | Found a huge runed gate.
 31418 | Vaults:4 | Found a huge runed gate.
 31419 | Vaults:4 | Found a huge runed gate.
 31435 | Vaults:4 | Reached skill level 18 in Fighting
 31683 | Vaults:4 | Found a huge runed gate.
 31683 | Vaults:4 | Found a huge runed gate.
 31683 | Vaults:4 | Found a huge runed gate.
 31683 | Vaults:4 | Found a huge runed gate.
 31683 | Vaults:4 | Found a huge runed gate.
 31683 | Vaults:4 | Found a huge runed gate.
 31684 | Vaults:4 | Found a huge runed gate.
 31686 | Vaults:4 | Found a huge runed gate.
 31998 | Vaults:4 | Reached skill level 15 in Dodging
 32072 | Vaults:2 | Killed Mara
 32246 | Vaults:3 | Noticed Margery
 32261 | Vaults:3 | Killed Margery
 32415 | Vaults:3 | Reached skill level 10 in Polearms
 32470 | Vaults:3 | Noticed Donald
 32480 | Vaults:3 | Killed Donald
 32728 | Vaults:3 | Reached XP level 22. HP: 162/169 MP: 0/0
 32988 | Vaults:3 | Noticed Mennas
 33057 | Vaults:2 | Noticed Frederick
 33063 | Vaults:2 | Killed Frederick
 33540 | Snake:2  | Bought the +9 scale mail "Fuexem" {Will+ Dex+3 Slay+3
                  | Stlth+} for 1166 gold pieces
 34458 | Depths:1 | Found a gateway to Hell.
 34499 | Depths:1 | You are sucked into a shaft and drop 1 floor!
 34623 | Depths:1 | Identified the +0 ring mail of Ru's Pride {Rampage Str+2}
 34632 | Depths:1 | Found a snail-covered altar of Cheibriados.
 35282 | Depths:2 | Found a sparkling altar of Nemelex Xobeh.
 35551 | Depths:2 | Found a one-way gate leading to the halls of Pandemonium.
 36081 | Depths:2 | Found a one-way gateway to a ziggurat.
 36298 | Depths:2 | Noticed a caustic shrike
 36595 | Depths:2 | Killed a caustic shrike
 37128 | Depths:3 | Identified the of Kaulaot
 37128 | Depths:3 | Identified the "Sintuy"
 37520 | Snake:2  | Bought a scroll of teleportation for 45 gold pieces
 37520 | Snake:2  | Bought a scroll of teleportation for 45 gold pieces
 37856 | Depths:3 | Reached XP level 23. HP: 176/176 MP: 0/0
 37856 | Depths:3 | Learned a level 8 spell: Lehudib's Crystal Spear
 37945 | Depths:3 | Noticed a golden dragon
 37960 | Depths:3 | Killed a golden dragon
 38646 | Depths:3 | Noticed a juggernaut
 38660 | Depths:3 | Killed a juggernaut
 38661 | Depths:3 | Reached skill level 19 in Fighting
 38661 | Depths:3 | Reached skill level 10 in Armour
 38704 | Depths:3 | Identified the +7 rapier of Durable Tender Mercy {heavy,
                  | *Rage Fly Str+3 Int+2}
 38709 | Depths:3 | Noticed a dread lich
 38718 | Depths:3 | Gained mutation: Your spells are a little easier to cast,
                  | but a little less powerful. [a cacodemon]
 38745 | Depths:3 | HP: 5/176 [ice dragon/blast of cold (55)]
 38928 | Depths:4 | Entered Level 4 of the Depths
 39110 | Depths:3 | Killed a dread lich
 39457 | Depths:3 | Found a one-way gate to the infinite horrors of the Abyss.
 39803 | Depths:4 | Found a runed translucent door.
 39808 | Depths:4 | Noticed jasper's ghost (master DsRe)
 39943 | Depths:4 | Found Obeer's Jewellery Emporium.
 39944 | Depths:4 | Found Ylui's Book Shop.
 39945 | Depths:4 | Found Numub's Jewellery Emporium.
 40027 | Depths:4 | Reached skill level 20 in Fighting
 40123 | Depths:4 | Identified the amulet "Ziffafik" {rC+ Regen+ Int+3}
 40336 | Depths:4 | Noticed a juggernaut
 40345 | Depths:4 | Killed a juggernaut
 40346 | Depths:4 | Reached XP level 24. HP: 163/188 MP: 0/0
 40729 | Depths:4 | Found a white marble altar of Elyvilon.
 40918 | Depths:4 | Noticed a golden dragon
 40924 | Depths:4 | Killed a golden dragon
 40959 | Depths:4 | Reached skill level 21 in Fighting
 41388 | Depths:4 | Found a gate to the Realm of Zot.
 41608 | Depths:4 | Noticed a golden dragon
 41615 | Depths:4 | Killed a golden dragon
 42320 | Depths:4 | Found a runed translucent door.
 42324 | Depths:4 | Noticed a golden dragon
 42324 | Depths:4 | Noticed Ymesich's ghost (veteran HOGl)
 42325 | Depths:4 | Noticed a golden dragon
 42326 | Depths:4 | Identified the +4 shortbow "Muren" {flame, rF+ rCorr
                  | Stlth+}
 42471 | Depths:4 | Killed a golden dragon
 42481 | Depths:4 | Killed a golden dragon
 42483 | Depths:4 | Killed Ymesich's ghost
 42498 | Depths:4 | Found a runed translucent door.
 42498 | Depths:4 | Noticed Lucarghiu's ghost (veteran GnWn)
 42869 | Depths:3 | Voluntarily entered the Abyss.
 42929 | Abyss:1  | Found a corrupted altar of Lugonu.
 42930 | Abyss:1  | Found a corrupted altar of Lugonu.
 42930 | Abyss:1  | Found a corrupted altar of Lugonu.
 43652 | Abyss:2  | Found a corrupted altar of Lugonu.
 43661 | Abyss:2  | Found a huge runed gate.
 43661 | Abyss:2  | Found a huge runed gate.
 43661 | Abyss:2  | Found a huge runed gate.
 43661 | Abyss:2  | Found a huge runed gate.
 43668 | Abyss:2  | Found a runed door.
 43759 | Abyss:2  | Found a corrupted altar of Lugonu.
 43808 | Abyss:2  | Gained mutation: [You are weak. (Str -2)] [a neqoxec]
 44060 | Abyss:2  | Reached XP level 25. HP: 165/176 MP: 0/0
 44060 | Abyss:2  | Learned a level 9 spell: Chain Lightning
 44062 | Abyss:3  | Found a corrupted altar of Lugonu.
 44185 | Abyss:3  | Found a corrupted altar of Lugonu.
 44368 | Abyss:3  | Noticed a dread lich
 44377 | Abyss:3  | Killed a dread lich
 44682 | Abyss:4  | Got an abyssal rune of Zot
 44724 | Depths:3 | Escaped the Abyss
 44937 | Elf:1    | Identified the "Mifawif"
 44937 | Elf:1    | Identified the "Cueschiu"
 44937 | Elf:3    | Identified the "Iquephis"
 44937 | Elf:3    | Identified the of Xewast
 44937 | Elf:3    | Identified the of Daimaczu
 44937 | Elf:3    | Identified the of Sotulog
 44937 | Zot:1    | Entered Level 1 of the Realm of Zot
 45006 | Zot:1    | HP: 6/156 [white draconian stormcaller/+0 long sword (17)]
 45008 | Zot:1    | HP: 1/156 [green draconian/+0 halberd[a white draconian
                  | stormcaller] (11)]
 45008 | Zot:1    | Mangled by a black draconian knight

Illustrated notes

Levels and vault maps discovered:
D:1:      dpeg_arrival_rooms_a, layout_rooms, serial_forest,
          infiniplex_forest_lined_room_2, infiniplex_forest_fountain,
          infiniplex_forest_corner_1, infiniplex_forest_end_3,
          infiniplex_forest_lined_4_way, infiniplex_forest_straight_5,
          infiniplex_forest_straight_2, infiniplex_forest_straight_1
D:2:      layout_basic
D:3:      layout_rooms, bloody_makhleb, uniq_jessica
D:4:      kennysheep_six_static_rooms, layout_basic, trog_book,
          mainiacjoe_overflow_six_doors_small, nicolae_hepliaklqana_hazy_memory,
          serial_shops, nicolae_shop_back_alley_shop, uniq_pikel
D:5:      layout_rooms, mainiacjoe_overflow_24_doors,
          minmay_temple_entry_stoned_glass, portal_sewer_entry_b,
          nicolae_wooded_promenade, uniq_menkaure, uniq_sigmund
D:6:      layout_loops_corners, minmay_ruined_shrine
D:7:      layout_rooms, okawaru_ov_weapons_minmay, mainiacjoe_overflow_alcove_2,
          nicolae_overflow_macrodata_refinement, enter_bailey_2, uniq_jeremiah
D:8:      kennysheep_housing_project, layout_basic, serial_shops,
          nicolae_shop_hallway_stairs, minmay_chambers_of_fives,
          uniq_prince_ribbit1
D:9:      layout_loops_corners, general_overflow_altar,
          mainiacjoe_overflow_alcove_1, grunt_lair_entry_orc_guard_hut,
          serial_shops, shop
D:10:     layout_stronghold, mainiacjoe_overflow_tiny_flanked, serial_rivers,
          chequers_serial_rivers_micro_e, chequers_serial_rivers_marsh,
          chequers_serial_rivers_micro_a, chequers_serial_rivers_micro_c,
          chequers_serial_rivers_micro_a, chequers_serial_rivers_micro_e,
          serial_shops, nicolae_shop_back_alley_shop, glass_columns_b
D:11:     layout_gridville
D:12:     layout_irregular_city, serial_shops, bzr_entry_gold,
          gammafunk_ghost_smash
D:13:     layout_roguey, uniq_josephine, uniq_lodul
D:14:     lemuel_vampire_tower, layout_basic,
          hellmonk_vaults_attempted_burglary, roderic_malta_cross
D:15:     gammafunk_depths_entry_grave, layout_basic, zin_angel,
          gauntlet_entry_generic
Lair:1:   layout_regular_city, infiniplex_staircase_pool_2
Lair:2:   layout_cave_pods, minmay_snake_entry_guardpost_small, minivault_27,
          ice2_lemuel
Lair:3:   layout_regular_city, minmay_swamp_entry_swarm, beast_lair_carwin_2,
          grunt_megastairs_4
Lair:4:   layout_hall_layers
Lair:5:   evilmike_catoblepas_cave, layout_regular_city,
          nicolae_slime_entry_slimehenge, st_stairs_9,
          nicolae_quartered_pool_medium
Swamp:1:  layout_basic_swamp, nicolae_swamp_oxbows, uniq_aizul
Swamp:2:  layout_falls_marsh, lemuel_altar_in_water2
Swamp:3:  layout_falls_marsh, hangedman_swamp_pad, swamp_pool_1_2
Swamp:4:  swamp_basic_johnstein, layout_basic_swamp, swamp_pool_1_2, uniq_nikola
Snake:1:  layout_rooms
Snake:2:  layout_onion_interference, nicolae_snake_coiling_death,
          lemuel_fruit_tree, minmay_shop_star, uniq_saint_roka
Snake:3:  layout_grid_maze, serial_bayou_shore_a, uniq_mlioglotl
Snake:4:  grunt_snake_rune_pools, layout_gridlike, drop_trap,
          statue_in_the_mist_lemuel, st_stairs_7, serial_bayou_crossing
Orc:1:    layout_caves, uniq_urug
Orc:2:    st_orc_rangers, layout_caves, uniq_sonja
Vaults:1: nzn_ghost_randoct, v_misc_17, vaults_mumra_hexcomb,
          nicolae_vaults_sightless_eye, nicolae_vaults_mini_display_case,
          ontoclasm_vaults_twist, nicolae_vaults_surprise_closet_hard,
          grunt_vaults_funnel, layout_vaults_omnigrid
Vaults:2: nicolae_vaults_trapezoid_lopsided_3, v_misc_16,
          ontoclasm_vaults_gateway, nicolae_vaults_yaktaur_gun_rack,
          nicolae_vaults_triangles, nicolae_vaults_shrinking_rooms_2,
          ontoclasm_vaults_eye, v_misc_24, v_misc_8, grunt_vaults_hallway_long,
          nicolae_vaults_tetromino_Z_2, vaults_standard_mumra_x,
          minmay_crypt_entry_simple_box, layout_vaults_ring, uniq_mara,
          uniq_frederick
Vaults:3: nicolae_vaults_specimen_jars, hangedman_vaults_stream,
          nicolae_vaults_border_crossing, v_alt_pattern_1,
          nicolae_vaults_variable_pillar_hall, nicolae_vaults_what_the_h,
          nicolae_vaults_closet_pinwheel_3, minmay_orc_keep,
          nicolae_vaults_holding_cells, nicolae_vaults_theta,
          nicolae_vaults_trapezoid_lopsided_3, v_pattern_3,
          nicolae_vaults_trapezoid_lopsided_1, nicolae_vaults_circle_grid_a,
          layout_vaults_maze_bifur, serial_hangedman_research,
          hangedman_research_convocations, hangedman_research_pyrotechnics,
          hangedman_research_thanatology, hangedman_research_probablistics,
          uniq_margery, uniq_donald, uniq_mennas
Vaults:4: nicolae_vaults_closet_pinwheel_4, hangedman_vaults_cutoff,
          vaults_room_door_hall, not_door_vault_mu,
          nicolae_vaults_closet_pinwheel_4, v_misc_11,
          nicolae_vaults_little_squares_5, vaults_room_grid,
          ontoclasm_vaults_chip, nicolae_vaults_little_squares_1,
          nicolae_vaults_oval_intersection, grunt_vaults_hallway_short,
          nicolae_vaults_diamond_1, layout_vaults_omnicross
Depths:1: layout_gridlike, glass_columns_c, pf_vacation_house_of_asmodeus,
          slow_altar_2, serial_bayou_shore_b
Depths:2: minmay_octo_star, layout_gridlike, enter_ziggurat_c,
          rand_demon_pan_entry_9, grunt_metal_band, nemelex_spade_bored_becter
Depths:3: nicolae_legendary_halls, layout_honeycomb, pan_entry, hell_entry,
          abyss_entry, chequers_serial_rivers_micro_b
Depths:4: lemuel_castle_with_subvaults [lemuel_castle_interior_carwin_1],
          layout_small_grid, muffindrake_ghost_three_little_ghosts, hellmouth_1,
          minmay_misc_feat_tower, nicolae_elyvilon_temple_path,
          minmay_shop_grove
Zot:1:    layout_basic, regret_index_zotdec_silver_v_v_loose

Skill      XL: |  1  2  3  4  5  6  7  8  9 10 11 12 13 14 15 16 17 18 19 20 21 22 23 24 25 |
---------------+----------------------------------------------------------------------------+-----
Spellcasting   | 4 5 6 8 9 10 11 12 13 14 15 16 17 18 19 | 19.3
Conjurations   | 4 5 6 8 9 10 11 12 13 14 15 16 17 18 19 | 19.3
Hexes          | 4 5 6 8 9 10 11 12 13 14 15 16 17 18 19 | 19.3
Summonings     | 4 5 6 8 9 10 11 12 13 14 15 16 17 18 19 | 19.3
Necromancy     | 4 5 6 8 9 10 11 12 13 14 15 16 17 18 19 | 19.3
Translocations | 4 5 6 8 9 10 11 12 13 14 15 16 17 18 19 | 19.3
Transmutations | 4 5 6 8 9 10 11 12 13 14 15 16 17 18 19 | 19.3
Fire Magic     | 4 5 6 8 9 10 11 12 13 14 15 16 17 18 19 | 19.3
Ice Magic      | 4 5 6 8 9 10 11 12 13 14 15 16 17 18 19 | 19.3
Air Magic      | 4 5 6 8 9 10 11 12 13 14 15 16 17 18 19 | 19.3
Earth Magic    | 4 5 6 8 9 10 11 12 13 14 15 16 17 18 19 | 19.3
Poison Magic   | 4 5 6 8 9 10 11 12 13 14 15 16 17 18 19 | 19.3
Fighting       | 4 7 9 11 12 14 15 17 18 20 21 | 21.0
Dodging        | 5 8 9 11 13 14 16 18 20 | 20.2
Armour         | 1 6 7 8 9 11 | 11.0
Shields        | 2 8 9 10 | 10.2
Invocations    | 2 5 6 8 10 12 | 12.0
Polearms       | 2 4 8 10 11 | 11.0
Stealth        | |  1.5

Action                     |  1- 3 |  4- 6 |  7- 9 | 10-12 | 13-15 | 16-18 | 19-21 | 22-24 | 25-27 || total
---------------------------+-------+-------+-------+-------+-------+-------+-------+-------+-------++-------
  Melee: Dagger            |    92 |    97 |   100 |    77 |     6 |       |       |       |       ||   372
         Punch             |       |       |       |     1 |       |       |       |       |       ||     1
         Demon trident     |       |       |       |       |       |    43 |    63 |   513 |   144 ||   763
         Whip              |       |       |       |       |       |     3 |       |       |       ||     3
   Cast: Sandblast         |    29 |    36 |    51 |    10 |       |     3 |       |       |       ||   129
         Shock             |       |    12 |       |     4 |     1 |     1 |       |       |       ||    18
         Stone Arrow       |       |       |    27 |   170 |   293 |   332 |   316 |   234 |     4 ||  1376
         Brom's Barrelling |       |       |     1 |     5 |       |     1 |       |     5 |       ||    12
         Petrify           |       |       |     1 |     1 |       |       |       |       |       ||     2
         Olgreb's Toxic Ra |       |       |       |    61 |   205 |    98 |    78 |    98 |     4 ||   544
         Vampiric Draining |       |       |       |     3 |       |       |       |     3 |       ||     6
         Blink             |       |       |       |     5 |     2 |       |     1 |     8 |     2 ||    18
         Iskenderun's Batt |       |       |       |    46 |    79 |   103 |    84 |    65 |     2 ||   379
         Arcjolt           |       |       |       |       |    59 |   196 |   174 |    49 |       ||   478
         Eringya's Noxious |       |       |       |       |     2 |    13 |    18 |    21 |     2 ||    56
         Spellforged Servi |       |       |       |       |       |       |     9 |    82 |    22 ||   113
         Enfeeble          |       |       |       |       |       |       |     5 |    12 |     1 ||    18
         Summon Hydra      |       |       |       |       |       |       |    21 |   183 |    35 ||   239
 Invoke: Greater Servant o |       |       |       |       |       |       |       |     3 |       ||     3
  Evoke: Wand              |       |       |       |       |       |       |     1 |     3 |     2 ||     6
    Use: Scroll            |       |     9 |     6 |     8 |     5 |    15 |     4 |    15 |     3 ||    65
         Potion            |       |       |       |     9 |       |     3 |     4 |    29 |     5 ||    50
   Stab: Petrified         |       |       |     3 |     6 |       |       |       |       |       ||     9
         Distracted        |       |       |       |       |       |       |       |    14 |     3 ||    17
 Armour: Ring mail         |    69 |    79 |   104 |    98 |   246 |   398 |   327 |    24 |       ||  1345
         Skin              |       |       |       |    28 |       |     6 |       |       |       ||    34
         Robe              |       |       |       |       |     3 |       |       |       |       ||     3
         Scale mail        |       |       |       |       |       |       |       |   516 |   125 ||   641
  Dodge: Dodged            |    53 |    70 |    66 |   133 |   199 |   341 |   284 |   545 |   168 ||  1859
  Block: Buckler           |       |       |       |       |    82 |   111 |   113 |   214 |    82 ||   602
         Reflection        |       |       |       |       |    21 |    14 |    22 |     5 |     1 ||    63

Table legend: (Time is in decaauts)
 A = Elapsed time spent in this place.
 B = Non-inter-level travel time spent in this place.
 C = Inter-level travel time spent in this place.
 D = Time resting spent in this place.
 E = Time spent auto-exploring this place.
 F = Levels seen in this place.
 G = Mean time per level.
                   A        B        C        D        E       F      G
               +--------+--------+--------+--------+--------+-----+--------+
         Total |  44984 |  40212 |   4772 |   4428 |  22058 |  48 |  937.2 |
       Dungeon |  15545 |  12972 |   2573 |    875 |   9012 |  15 | 1036.3 |
          Lair |   5371 |   4606 |    765 |    410 |   3303 |   5 | 1074.2 |
         Swamp |   3198 |   3056 |    142 |    401 |   1117 |   4 |  799.5 |
     Snake Pit |   3861 |   3512 |    349 |    298 |   2096 |   4 |  965.2 |
  Orcish Mines |    916 |    857 |     59 |      9 |    633 |   2 |  458.0 |
        Vaults |   4366 |   4164 |    202 |    367 |   2494 |   4 | 1091.5 |
        Depths |   8374 |   7696 |    678 |   1643 |   2940 |   4 | 2093.5 |
           Zot |     23 |     23 |      0 |      0 |      0 |   1 |   23.0 |
         Abyss |   1791 |   1791 |      0 |    175 |     66 |   5 |  358.2 |
        Bazaar |    226 |    226 |      0 |      0 |     71 |   1 |  226.0 |
         Sewer |    238 |    238 |      0 |      0 |     89 |   1 |  238.0 |
        Bailey |    664 |    664 |      0 |    132 |    208 |   1 |  664.0 |
      Gauntlet |    404 |    404 |      0 |    117 |     29 |   1 |  404.0 |
               +--------+--------+--------+--------+--------+-----+--------+

Top non-repeatable levels by time:
Depths:4: 2912 daAuts
Depths:3: 2163 daAuts
Depths:2: 2013 daAuts
     D:8: 1541 daAuts
  Lair:5: 1509 daAuts
     D:4: 1484 daAuts
     D:9: 1421 daAuts
Vaults:1: 1398 daAuts
    D:14: 1393 daAuts
 Snake:4: 1349 daAuts
Vaults:2: 1288 daAuts
Depths:1: 1285 daAuts
    D:15: 1254 daAuts
  Lair:2: 1163 daAuts
 Snake:2: 1126 daAuts
